 Dungeon Crawl Stone Soup version 0.27-a0-54-g64bdb92e38 (webtiles) character file.

Game seed: 15271683350710636129

55 kae the Insei (level 3, 0/23 HPs)
             Began as an Octopode Transmuter on Jan 7, 2021.
             Slain by a kobold
             ... wielding a +0 short sword
              (8 damage)
             ... on level 2 of the Dungeon.
             The game lasted 00:00:38 (1519 turns).

kae the Insei (Octopode Transmuter)                 Turns: 1519, Time: 00:00:38

Health: 0/23       AC:  1    Str: 10    XL:     3   Next: 93%
Magic:  5/6        EV: 13    Int: 15    God:
Gold:   0          SH:  0    Dex: 12    Spells: 2/6 levels left

rFire    . . .     SeeInvis .     - Unarmed
rCold    . . .     Faith    .   (no shield)
rNeg     . . .     Spirit   .   (helmet currently unavailable)
rPois    .         Reflect  .   (no amulet)
rElec    .         Harm     .   f - ring of teleportation (curse)
rCorr    .         Rampage  .   (no ring)
Will     .....     Rnd*Tele +   (no ring)
Stlth    ++........             (no ring)
HPRegen  0.07/turn              (no ring)
MPRegen  0.10/turn              (no ring)
                                (no ring)
                                (no ring)

@: appendages (expiring)
A: almost no armour, stealthy swim, amphibious, 8 rings, constrict 8, tentacle
spike 3, camouflage 1, gelatinous body 1
a: End Transformation


You were on level 2 of the Dungeon.
One of your tentacles had a temporary spike.
You visited 1 branch of the dungeon, and saw 2 of its levels.

Inventory:

Jewellery
 f - a cursed ring of teleportation (left tentacle)
Scrolls
 a - 2 scrolls of identify {unknown}
 c - a scroll of teleportation {unknown}
 e - 2 scrolls of fog {unknown}
 g - a scroll of amnesia {unknown}
Potions
 b - a potion of haste {unknown}
 d - a potion of brilliance {unknown}


   Skills:
 + Level 1.6 Fighting
 + Level 2.4 Dodging
 * Level 3.6 Unarmed Combat
 + Level 2.3 Spellcasting
 + Level 2.5 Transmutations


You had 2 spell levels left.
You knew the following spells:

 Your Spells              Type           Power        Failure   Level
a - Beastly Appendage     Tmut           18%          8%          1
b - Spider Form           Tmut/Pois      2%           36%         3

Your spell library contained the following spells:

 Spells                   Type           Power        Failure   Level
 Wereblood                Tmut           9%           12%         2
 Ice Form                 Ice/Tmut       5%           77%         4
 Blade Hands              Tmut           4%           91%         5


Dungeon Overview and Level Annotations

Branches:
Dungeon (2/15)

Altars:


Innate Abilities, Weirdness & Mutations

You cannot wear most types of armour.
You are very stealthy in the water. (Stealth+)
You are amphibious.
You can wear up to eight rings at the same time.
You can use your tentacles to constrict eight enemies at once.
Your skin changes colour to match your surroundings (Stealth+).
Your rubbery body absorbs attacks. (AC +1, EV +1)
One of your tentacles bears a large vicious spike.


Message History

You are too injured to fight recklessly!
You are too injured to fight recklessly!
You are too injured to fight recklessly!
You are too injured to fight recklessly!
You tentacle-slap the kobold. Your grab misses the kobold.
You pierce the kobold, but do no damage.
The kobold is moderately wounded.
The kobold hits you but does no damage. The quokka bites you.
A goblin comes into view. It is wielding a +0 dagger.
You tentacle-slap the quokka but do no damage.
Your grab misses the quokka. Your squeeze misses the quokka.
The kobold barely misses you. The quokka barely misses you.
You closely miss the kobold. Your grab misses the kobold.
You pierce the kobold, but do no damage.
The kobold is moderately wounded.
The quokka barely misses you. The kobold closely misses you.
You barely miss the quokka. Your grab misses the quokka.
Your tentacle spike misses the quokka.
The quokka bites you.
The kobold hits you with a +0 short sword!
You die...

#..............
#####.#....(... #
#.#....$########### #
#.#......<##......# #
#.#.(....# #......#
#####........# #......#.
.............# #........
.........†...###.)......
.....[........†.@K....gB
........##.......r..♣≈..
...##.#..+.......##≈P.≈.
♣..##.####......♣P♣ ≈≈..
≈♣≈≈♣.# #.....♣≈≈≈P ...
P≈♣♣≈≈≈ ######♣≈PP≈≈ ..
≈≈♣ ≈♣♣ P≈P≈P≈ . ≈≈≈ ≈
P≈≈≈P♣ ≈≈≈≈


You could see a quokka, a giant cockroach, a goblin and a kobold.

Vanquished Creatures
  Terence (D:1)
  An adder (D:2)
  8 giant cockroaches
  2 goblins (D:1)
  2 hobgoblins (D:1)
  A quokka (D:2)
  2 frilled lizards
  3 kobolds
  2 rats (D:1)
22 creatures vanquished.

Vanquished Creatures (others)
  26 plants (D:2)
26 creatures vanquished.

Grand Total: 48 creatures vanquished

Notes
Turn   | Place    | Note
-------+----------+-------------------------------------------
     0 | D:1      | kae the Octopode Transmuter began the quest for the Orb.
     0 | D:1      | Reached XP level 1. HP: 13/13 MP: 3/3
   665 | D:1      | Reached XP level 2. HP: 17/18 MP: 3/5
   963 | D:2      | Noticed Terence
  1260 | D:1      | Killed Terence
  1261 | D:1      | Reached XP level 3. HP: 14/23 MP: 6/6
  1393 | D:1      | Learned a level 3 spell: Spider Form
  1519 | D:2      | Slain by a kobold

Illustrated notes

Levels and vault maps discovered:
D:1:      dpeg_arrival_pond, layout_loops_corners
D:2:      minmay_roachtagon, layout_basic, serial_bayou, serial_bayou_ford_a,
          serial_bayou_shore_a, serial_bayou_lagoon_a, serial_bayou_lake_a,
          lemuel_blue_sif_altar, uniq_natasha, uniq_terence

Action                   || total
-------------------------++-------
Melee: Unarmed           ||    58
       Constrict         ||    16
       Kick              ||    10
       Tentacles         ||     7
       Punch             ||     1
 Cast: Beastly Appendage ||    17
 Stab: Sleeping          ||     2
Armor: Skin              ||     5
Dodge: Dodged            ||    50

Table legend: (Time is in decaauts)
 A = Elapsed time spent in this place.
 B = Non-inter-level travel time spent in this place.
 C = Inter-level travel time spent in this place.
 D = Time resting spent in this place.
 E = Time spent auto-exploring this place.
 F = Levels seen in this place.
 G = Mean time per level.
                   A        B        C        D        E       F      G
               +--------+--------+--------+--------+--------+-----+--------+
         Total |   1516 |   1491 |     25 |    377 |    940 |   2 |  758.0 |
       Dungeon |   1516 |   1491 |     25 |    377 |    940 |   2 |  758.0 |
               +--------+--------+--------+--------+--------+-----+--------+

Top non-repeatable levels by time:
     D:1: 1374 daAuts
     D:2: 142 daAuts
